cohdb
Replays
Latest Replays
All Replays
Popular Replays
Top Player Replays
Match Explorer
How It Works
Community
CoH3 Stats
Reddit
Sign in to upload your games and track your stats! →
Sign in with Steam
Match 24713351
Unlisted
Match 24713351
Overview
Messages
Build Orders
End
Pioneer Squad
Construct Infanterie Kompanie
MG 42 Machine Gun Team
Grenadier Squad
Grenadier Squad
Construct Luftwaffe Kompanie
MG 42 Machine Gun Team
221 Scout Car
Jäger Squad
Selects Mechanized Battlegroup
Selects Raid Package
Flak 30 Anti-aircraft Gun Team
Selects StuG Assault Group
StuG Assault Group
Pioneer Squad
StuG Assault Group
Selects Spotting Scopes
Selects Wespe Self-propelled Artillery
Wespe Self-propelled Artillery
Support Elements
Marder III M Tank Destroyer
Marder III M Tank Destroyer
Selects Zeroing Artillery Barrage
Haganaz
bestia z wadowic
Da_Red_Wunz
Tomson
BIOHAZARD
catmeme71
TheBroomCloset
Von_Dolofon
0
0
Comments
sign in to comment!
No comments posted yet!